 Dungeon Crawl Stone Soup version 0.32-a0-560-g4c7f4391e0 (webtiles) character file.

Game seed: 6967550709020429078

1802923 whatisthis the Slayer (level 27, 321/321 HPs)
             Began as an Oni Warper on Feb 29, 2024.
             Was the Champion of Makhleb.
             Escaped with the Orb
             ... and 3 runes!
             The game lasted 03:53:40 (59542 turns).

whatisthis the Slayer (Oni Warper)                 Turns: 59542, Time: 03:53:41

Health: 321/321    AC: 39    Str: 25 (27) XL:     27
Magic:  26/37      EV:  4    Int: 11 (20) God:    Makhleb [******]
Gold:   5436       SH: 19    Dex:  8 (11) Spells: 30/47 levels left

rFire   + + +        Q - +8 eveningstar of Articulation {spect, rF+ rN+}
rCold   + + .        r - +0 tower shield
rNeg    + . .        y - +8 gold dragon scales
rPois   +            R - +2 hat {SInv}
rElec   .            K - scarf {rC+ rF+}
rCorr   .            (gloves unavailable)
SInv    +            (boots unavailable)
Will    +++..        N - amulet of Vitality {Regen++ RegenMP++} Stlth
                     J - ring of the Briny Deep {Will+ AC+4}
HPRegen 2.33/turn    p - ring of Sinoclem {Str-4 Int+6 Dex+3 Slay+5}
MPRegen 1.05/turn

%: no passive effects
@: no status effects
A: large, unfitting armour, horns 1, tough skin 1, double potion healing,
drunken brawling, iridescent scales 1, weak 1
0: Orb of Zot
}: 3/15 runes: decaying, serpentine, silver
a: Renounce Religion, Minor Destruction, Lesser Servant of Makhleb, Major
Destruction, Greater Servant of Makhleb


You escaped.
You worshipped Makhleb.
Makhleb was exalted by your worship.
You visited 10 branches of the dungeon, and saw 47 of its levels.
You also visited: Trove, Sewer and Bailey.

You collected 7860 gold pieces.
You spent 2424 gold pieces at shops.

Inventory:

Hand Weapons
 Q - the +8 eveningstar of Articulation (weapon) {spect, rF+ rN+}
   (You acquired it on level 15 of the Dungeon)

   rF+:       It protects you from fire.
   rN+:       It protects you from negative energy.
 U - a +0 giant spiked club of draining
Missiles
 i - 8 curare-tipped darts
 n - 6 silver javelins
 s - 4 throwing nets
 D - 51 boomerangs
 W - 7 javelins
Armour
 h - the +0 hat "Seuboged" {rCorr Slay+3}
   (You found it on level 1 of the Lair of Beasts)

   Slay+3:    It affects your accuracy & damage with ranged weapons and melee
   (+3).
   rCorr:     It protects you from acid and corrosion.
 r - a +0 tower shield (worn)
 y - +8 gold dragon scales (worn)
 K - a scarf of resistance (worn)
 R - a +2 hat of see invisible (worn)
Jewellery
 a - a ring of protection from cold
 c - a ring of protection from cold
 p - the ring of Sinoclem (right hand) {Str-4 Int+6 Dex+3 Slay+5}
   (You bought it in a shop on level 1 of the Vaults)

   [ring of intelligence]

   Str-4:     It affects your strength (-4).
   Int+6:     It affects your intelligence (+6).
   Dex+3:     It affects your dexterity (+3).
   Slay+5:    It affects your accuracy & damage with ranged weapons and melee
   (+5).
 E - a ring of protection from fire
 G - the ring of Wu Jian's Condemnation {rElec rPois rF+ Int-4 Dex+6}
   (You took it off a naga mage on level 4 of the Depths)

   [ring of dexterity]

   Int-4:     It affects your intelligence (-4).
   Dex+6:     It affects your dexterity (+6).
   rF+:       It protects you from fire.
   rElec:     It insulates you from electricity.
   rPois:     It protects you from poison
 J - the ring of the Briny Deep (left hand) {Will+ AC+4}
   (You found it on level 12 of the Dungeon)

   [ring of protection]

   AC+4:      It affects your AC (+4).
   Will+:     It increases your willpower.
 N - the amulet of Vitality (around neck) {Regen++ RegenMP++}
   (You found it on level 1 of the Lair of Beasts)

   [amulet of nothing]

   Regen++:   It increases your rate of health regeneration.
   RegenMP++: It increases your rate of magic regeneration.
Wands
 b - a wand of flame (80)
 m - a wand of mindburst (24)
 q - a wand of polymorph (19)
 B - a wand of warping (25)
 C - a wand of quicksilver (7)
 P - a wand of digging (4)
 Z - a wand of paralysis (51)
Scrolls
 f - 23 scrolls of identify
 j - 20 scrolls of teleportation
 k - 8 scrolls of immolation
 o - 8 scrolls of fear
 u - 2 scrolls of silence
 A - 2 scrolls of revelation
 F - 5 scrolls of blinking
 I - 10 scrolls of fog
 O - 7 scrolls of enchant weapon
 Y - 2 scrolls of summoning
Potions
 d - 4 potions of resistance
 e - 9 potions of lignification
 g - 5 potions of brilliance
 l - 7 potions of might
 t - 2 potions of invisibility
 v - 7 potions of magic
 w - 3 potions of cancellation
 x - 6 potions of heal wounds
 z - 3 potions of curing
 H - 6 potions of mutation
 L - 2 potions of berserk rage
 M - 4 potions of haste
 S - 2 potions of attraction
 T - 4 potions of enlightenment
Miscellaneous
 V - a lightning rod (4/4)


   Skills:
 - Level 26.9 Fighting
 - Level 20.4 Maces & Flails
 - Level 1.0 Throwing
 + Level 20.0 Armour
 - Level 3.0 Dodging
 + Level 20.0 Shields
 - Level 10.5 Spellcasting
 - Level 17.9 Translocations


You had 30 spell levels left.
You knew the following spells:

 Your Spells              Type           Power      Damage    Failure   Level
a - Blink                 Tloc           90%        N/A       1%          2
b - Lesser Beckoning      Tloc           90%        N/A       1%          2
c - Teleport Other        Tloc           45%        N/A       1%          3
d - Manifold Assault      Tloc           45%        N/A       1%          4
e - Dispersal             Tloc           22%        N/A       28%         6

Your spell library contained the following spells:

 Spells                   Type           Power      Damage    Failure   Level
 Apportation              Tloc           90%        N/A       1%          1
 Passage of Golubria      Tloc           45%        N/A       1%          4
 Momentum Strike          Conj/Tloc      50%        3d9       12%         2
 Volatile Blastmotes      Fire/Tloc      50%        2d14      22%         3
 Iskenderun's Mystic Bla  Conj/Tloc      25%        2d7       58%         4
 Vhi's Electric Charge    Tloc/Air       50%        N/A       58%         4
 Summon Forest            Summ/Tloc      12%        N/A       91%         5
 Foxfire                  Conj/Fire      20%        2x1d5     97%         1
 Magic Dart               Conj           20%        1d4       97%         1
 Necrotise                Necr           20%        1d5       97%         1
 Shock                    Conj/Air       20%        1d4       97%         1
 Slow                     Hex            20%        N/A       97%         1
 Sting                    Conj/Alch      20%        1d4       97%         1
 Summon Small Mammal      Summ           20%        N/A       97%         1
 Call Imp                 Summ           10%        N/A       99%         2
 Ensorcelled Hibernation  Hex/Ice        10%        N/A       99%         2
 Mercury Vapours          Alch/Air       10%        N/A       99%         2
 Scorch                   Fire           10%        2d5       99%         2
 Call Canine Familiar     Summ           5%         N/A       100%        3
 Confusing Touch          Hex            5%         N/A       100%        3
 Dazzling Flash           Conj/Hex       10%        N/A       100%        3
 Fugue of the Fallen      Necr           5%         N/A       100%        3
 Hailstorm                Conj/Ice       5%         3d5       100%        3
 Mephitic Cloud           Conj/Alch/Air  5%         N/A       100%        3
 Ozocubu's Armour         Ice            5%         N/A       100%        3
 Passwall                 Erth           5%         N/A       100%        3
 Sigil of Binding         Hex            5%         N/A       100%        3
 Stone Arrow              Conj/Erth      10%        3d7       100%        3
 Summon Ice Beast         Ice/Summ       5%         N/A       100%        3
 Swiftness                Air            5%         N/A       100%        3
 Tukima's Dance           Hex            5%         N/A       100%        3
 Vampiric Draining        Necr           5%         2d6       100%        3
 Airstrike                Air            2%         2d(1-17)  100%        4
 Animate Armour           Summ/Erth      10%        N/A       100%        4
 Flame Wave               Conj/Fire      5%         2d5       100%        4
 Fulminant Prism          Conj/Alch      2%         3d5       100%        4
 Ignite Poison            Fire/Alch      5%         N/A       100%        4
 Martyr's Knell           Necr/Summ      5%         N/A       100%        4
 Olgreb's Toxic Radiance  Alch           5%         N/A       100%        4
 Sticky Flame             Fire/Alch      5%         2d4       100%        4
 Summon Blazeheart Golem  Fire/Summ      5%         N/A       100%        4
 Summon Lightning Spire   Summ/Air       5%         N/A       100%        4
 Alistair's Intoxication  Alch           3%         N/A       100%        5
 Arcjolt                  Conj/Air       2%         1d12      100%        5
 Borgnjor's Vile Clutch   Necr/Erth      2%         N/A       100%        5
 Curse of Agony           Necr           5%         N/A       100%        5
 Freezing Cloud           Conj/Ice/Air   2%         6-21      100%        5
 Lee's Rapid Deconstruct  Erth           2%         3d5*      100%        5
 Summon Mana Viper        Hex/Summ       5%         N/A       100%        5
 Yara's Violent Unravell  Hex/Alch       2%         3d3       100%        5
 Conjure Ball Lightning   Conj/Air       2%         3x3d6     100%        6
 Eringya's Noxious Bog    Alch           2%         4d6       100%        6
 Plasma Beam              Fire/Air       2%         2x1d12    100%        6
 Starburst                Conj/Fire      2%         6d3       100%        6
 Summon Cactus Giant      Summ           2%         N/A       100%        6
 Malign Gateway           Summ/Tloc      12%        N/A       100%        7
 Orb of Destruction       Conj           2%         9d5       100%        7
 Spellforged Servitor     Conj/Summ      2%         N/A       100%        7
 Discord                  Hex            2%         N/A       100%        8
 Disjunction              Tloc           22%        N/A       100%        8
 Ignition                 Fire           2%         3d3       100%        8
 Lehudib's Crystal Spear  Conj/Erth      2%         10d2      100%        8
 Maxwell's Capacitive Co  Air            2%         ∞         100%        8
 Summon Horrible Things   Summ           2%         N/A       100%        8
 Chain Lightning          Conj/Air       2%         3d3       100%        9
 Fire Storm               Conj/Fire      2%         8d1       100%        9
 Shatter                  Erth           2%         3d6*      100%        9


Dungeon Overview and Level Annotations

Branches:
Dungeon (15/15)            Temple (1/1) D:4            Lair (5/5) D:8
  Swamp (4/4) Lair:2        Snake (4/4) Lair:2        Slime (0/5) Lair:5
    Orc (2/2) D:11            Elf (2/3) Orc:2        Vaults (5/5) D:14
  Crypt (0/3) Vaults:2     Depths (4/4) D:15            Zot (5/5) Depths:4
  Sewer (visited)          Bailey (visited)

Altars:
Ashenzari
Cheibriados
Dithmenos
Elyvilon
Fedhas
Gozag
Hepliaklqana
Kikubaaqudgha
Makhleb
Nemelex Xobeh
Okawaru
Qazlal
Ru
Sif Muna
Trog
Uskayaw
Vehumet
Wu Jian
Xom
Yredelemnul
Zin
The Shining One
Beogh
Jiyva

Shops:
D:1 *(:[   Orc:2 (*(!   Elf:2 [?   Vaults:1 =   Vaults:2 :

Portals:
Hell: Depths:1 Depths:2 Depths:3 Depths:4
Abyss: Depths:3
Pandemonium: Depths:2
Ziggurat: Depths:3

Annotations:
D:13 1 runed translucent door
Swamp:1 Roxanne
Snake:2 exclusion: 3 doors
Elf:2 3 runed translucent doors
Depths:1 1 runed translucent door
Zot:3 exclusions: yellow draconian and 1 more exclusion, Tiamat
Zot:4 exclusion: 2 upstairs


Innate Abilities, Weirdness & Mutations

You are too large for most types of armour.
You have a pair of small horns on your head.
You have tough skin. (AC +1)
You gain doubled healing and magic from potions.
Whenever you drink a healing potion, you attack all around you.
You are partially covered in iridescent scales. (AC +2)
You are weak. (Str -2)


Message History

You climb upwards.
There is a stone staircase leading down, spattered with blood here.
Things that are here:
a +0 leather armour; a +0 flail; an orc skeleton
There is a stone staircase leading up here.
You climb upwards.
There is a stone staircase leading down here.
There is a stone staircase leading up here.
You climb upwards.
There is a stone staircase leading down here.
A neqoxec comes into view.
An ice devil comes into view.
Casting: Manifold Assault (mildly dangerous; 1% risk of failure)
Press: ? - help, Q - select action, (/) - cycle Dir - look around, f - activate Space momentarily warps into an impossible shape!
You hit the ice devil.
Unknown command.
Casting: Manifold Assault (mildly dangerous; 1% risk of failure)
Press: ? - help, Q - select action, (/) - cycle Dir - look around, f - activate Space momentarily warps into an impossible shape!
You impale the ice devil!! You bludgeon the neqoxec!!
Unknown command.
Casting: Manifold Assault (mildly dangerous; 1% risk of failure)
Press: ? - help, Q - select action, (/) - cycle Dir - look around, f - activate Space momentarily warps into an impossible shape!
You closely miss the neqoxec. You closely miss the ice devil.
Unknown command.
Casting: Manifold Assault (mildly dangerous; 1% risk of failure)
Press: ? - help, Q - select action, (/) - cycle Dir - look around, f - activate Space momentarily warps into an impossible shape!
You impale the neqoxec!!
You kill the neqoxec!
Makhleb accepts your kill.
You thump the ice devil!
You kill the ice devil!
Makhleb accepts your kill.
There is a staircase leading out of the dungeon here.
You have escaped!

#.##..#.......## ##....4.3..#.###
#....##..###############....#....
#........#~~#.......#~~#.....##..
#.#...#..#~#.........#~#...#.##..
..#......##...........##.........
###...#..#.............#..##.##..
##.#..##.............##..#.##..
#...#.#.............#.#...##..
##..#.........@.........#..####
#....#.#.............#.#....#
#.##..##.............##..##.#
###.###..#.............#..###.#
..#.# #..##...........##..# #.###
....###..#~#.........#~#..###.##.
.#.......#~~#.......#~~#....#....
.#.####..###############..#.#####
.#.####.......## ##(......#.#


There were no monsters in sight!

Vanquished Creatures
  A dread lich (Zot:5)
  4 orbs of fire
  4 ancient liches
  A juggernaut (Depths:2)
  Sojobo (Vaults:4)
  Parghit (Zot:1)
  A curse toe (Zot:4)
  Boris (twice) (Vaults:2 Depths:3)
  9 Killer Klowns
  3 golden dragons
  3 electric golems
  12 tentacled monstrosities
  Rupert (Lair:3)
  2 walking crystal tomes
  26 Orb Guardians
  A lich (Vaults:5)
  8 quicksilver dragons
  A walking frostbound tome (Depths:3)
  3 titans (Vaults:5)
  3 sphinxes
  7 death cobs
  The ghost of ragingrage the Warrior, an adept CoWr of Beogh (Snake:4)
  Kirke (Lair:5)
  A thorn hunter (Swamp:3)
  8 shadow dragons
  11 storm dragons
  Aizul (Lair:2)
  17 fire giants
  Gastronok (D:8)
  6 tengu reavers
  4 frost giants
  2 draconian knights
  Donald (Swamp:1)
  4 draconian monks
  12 nagarajas
  2 fenstrider witches
  A deep elf sorcerer (Vaults:3)
  The ghost of Oshruh the Bludgeoner, an adept GrFi of Okawaru (Snake:2)
  2 iron dragons (Depths:3)
  3 draconian shifters
  7 ghost moths
  A balrug (Depths:1)
  4 orc warlords (Orc:2)
  20 vault wardens
  6 draconian scorchers
  5 draconian stormcallers
  A spriggan defender (Depths:4)
  2 formless jellyfish (Vaults:3)
  13 stone giants
  A draconian annihilator (Zot:3)
  21 ironbound preservers
  7 ironbound thunderhulks
  32 very ugly things
  2 eleionomae
  2 deep elf annihilators
  3 deep elf demonologists
  A demonspawn black sun (D:14)
  3 deep elf death magi (Vaults:5)
  6 green draconians
  9 red draconians
  5 purple draconians
  3 spark wasps
  3 white draconians
  3 war gargoyles
  The ghost of Niditoudgh the Grappler, a journeyman TrFi of Dithmenos (D:12)
  2 bunyips (Swamp:3)
  8 yellow draconians
  A dire elephant (Vaults:3)
  14 black draconians
  A quicksilver dragon zombie (Vaults:1)
  4 ettins
  6 fire dragons
  3 shambling mangroves
  A crystal guardian (Vaults:2)
  2 entropy weavers
  A deep elf high priest (Vaults:5)
  5 great orbs of eyes
  2 rakshasas
  18 hydras
  31 vault guards
  5 ice dragons
  15 yaktaur captains
  Erolcha (D:10)
  2 ogre magi
  A peacekeeper (Vaults:2)
  A ghost crab (Swamp:2)
  10 alligators
  5 salamander tyrants
  A catoblepas (Lair:4)
  4 spriggan air magi
  A hell beast (Depths:2)
  14 anacondas
  7 two-headed ogres
  12 ironbound frosthearts
  8 centaur warriors
  10 dancing weapons
  4 boulder beetles
  3 deep troll shamans (Depths:3)
  5 orc high priests
  6 tengu warriors
  9 deep troll earth magi
  2 spriggan berserkers
  9 shock serpents
  A vampire mage (Vaults:2)
  9 naga sharpshooters
  22 naga warriors
  9 deep elf knights
  7 hell knights
  3 occultists
  6 sun demons
  Nergalle (D:10)
  4 skeletal warriors
  4 iron trolls (Depths:3)
  7 salamander mystics
  4 goliath frogs
  A sea snake (Depths:4)
  12 swamp dragons
  2 glowing orange brains
  6 bog bodies
  2 obsidian statues
  40 deep trolls
  7 arcanists
  5 spriggan druids
  12 deep elf archers
  An orb spider (shapeshifter) (Vaults:2)
  4 phantasmal warriors
  An orange crystal statue (Zot:5)
  13 lindwurms
  10 mana vipers
  10 naga ritualists
  A lindwurm (shapeshifter) (Vaults:5)
  A flayed ghost (Depths:4)
  A tengu zombie (Vaults:2)
  10 orc knights
  9 harpies
  11 ironbound convokers
  3 necromancers
  20 deep elf pyromancers
  A glowing shapeshifter (Depths:4)
  11 deep elf zephyrmancers
  43 ugly things
  10 orc sorcerers
  28 moths of wrath
  27 salamanders
  3 meliai (D:14)
  5 will-o-the-wisps
  9 elephants
  3 cyclopes
  3 manticores
  3 large abominations (D:14)
  7 guardian serpents
  An eye of devastation (shapeshifter) (Depths:3)
  3 water nymphs (shapeshifter)
  A black mamba (shapeshifter) (D:13)
  58 black mambas
  4 kobold blastminers (Orc:2)
  27 naga magi
  A frost giant skeleton (Vaults:2)
  3 smoke demons
  15 vault sentinels
  20 cane toads
  A gargoyle (D:11)
  Maggie (D:10)
  A torpor snail (Lair:1)
  3 rime drakes
  A rime drake (shapeshifter) (D:15)
  2 efreet (D:14)
  9 komodo dragons
  A yaktaur zombie (Vaults:2)
  Jeremiah (D:6)
  2 freezing wraiths (Snake:1)
  24 yaktaurs
  Psyche (D:8)
  A merfolk (shapeshifter) (Vaults:5)
  2 anaconda simulacra (Depths:4)
  An ice devil (D:1)
  A tengu conjurer (Depths:1)
  A troll (shapeshifter) (D:14)
  12 trolls
  11 hornets
  Grinder (D:5)
  2 polar bears (Lair:4)
  14 tyrant leeches
  26 blink frogs
  7 dream sheep (Lair:4)
  A human skeleton (Vaults:1)
  A dream sheep (shapeshifter) (Vaults:5)
  A snapping turtle (shapeshifter) (Vaults:5)
  A jumping spider (D:10)
  2 air elementals (Elf:1)
  A shadow (D:10)
  Sigmund (D:5)
  34 slime creatures
  6 wyverns
  18 spriggans
  8 water elementals
  3 vampires (Vaults:2)
  Eustachio (D:6)
  An elf zombie (Vaults:1)
  A fire bat (D:7)
  3 wargs
  42 yaks
  A wraith (D:13)
  6 basilisks
  A redback (shapeshifter) (Depths:2)
  5 hogs (Lair:5)
  4 fire elementals
  A neqoxec (D:1)
  Grum (D:9)
  4 redbacks
  2 steam dragons
  22 vampire mosquitoes
  An ogre zombie (Vaults:1)
  16 swamp worms
  Duvessa (D:5)
  57 nagas
  9 water moccasins
  6 swamp drakes
  2 ice beasts (D:8)
  4 black bears
  An ice beast (shapeshifter) (D:15)
  68 orc warriors
  5 wolves
  A crocodile (Sewer)
  26 ogres
  A boggart (Vaults:1)
  10 centaurs
  2 phantoms
  3 kobold brigands
  21 bullfrogs
  A gnoll sergeant (D:6)
  2 earth elementals (Elf:1)
  3 scorpions
  Dowan (D:5)
  6 killer bees (D:11)
  5 electric eels
  14 howler monkeys
  4 jellies (Lair:5)
  3 gnoll boudas
  37 orc priests
  4 hounds
  7 iguanas
  Ijyb (D:5)
  A sleepcap (D:7)
  26 orc wizards
  6 hell rats (Lair:5)
  15 gnolls
  5 adders
  A river rat (D:4)
  A shadow imp (D:6)
  2 white imps (D:5)
  4 ufetubi
  3 dart slugs (D:2)
  A ribbon worm (D:3)
  116 orcs
  4 endoplasms
  10 goblins
  4 hobgoblins
  8 jackals
  2 quokkas
  9 ball pythons
  7 bats
  A frilled lizard (D:2)
  11 kobolds
  4 rats
1974 creatures vanquished.

Vanquished Creatures (collateral kills)
  Boris (Vaults:1)
  A vault warden (Vaults:1)
  An ironbound convoker (Vaults:1)
3 creatures vanquished.

Vanquished Creatures (others)
  A rakshasa (Depths:4)
  A deep elf knight (Elf:2)
  2 ugly things (D:14)
  A bloated husk (Swamp:2)
  A spriggan (Swamp:2)
  24 foxfires
  85 spectral weapons
115 creatures vanquished.

Grand Total: 2092 creatures vanquished

Notes
Turn   | Place    | Note
-------+----------+-------------------------------------------
     0 | D:1      | whatisthis the Oni Warper began the quest for the Orb.
     0 | D:1      | Reached XP level 1. HP: 22/22 MP: 3/3
    18 | D:1      | Found Qonukkea's Assorted Antiques.
   177 | D:1      | Found Seun's Antique Armour Shoppe.
   292 | D:1      | Found Pieqib's Weapon Shoppe.
   370 | D:1      | Reached skill level 3 in Fighting
   379 | D:1      | Reached XP level 2. HP: 29/31 MP: 5/5
   393 | D:1      | Found Boruigai's Book Emporium.
   848 | D:2      | Reached XP level 3. HP: 33/37 MP: 6/6
  1525 | D:2      | Learned a level 2 spell: Blink
  1528 | D:2      | Learned a level 2 spell: Lesser Beckoning
  1596 | D:3      | Reached XP level 4. HP: 38/48 MP: 7/7
  1607 | D:3      | Reached skill level 4 in Fighting
  1792 | D:3      | HP: 2/72 [iguana (10)]
  2155 | D:4      | Noticed an ogre
  2166 | D:4      | Killed an ogre
  2167 | D:4      | Reached skill level 5 in Fighting
  2167 | D:4      | Reached XP level 5. HP: 38/57 MP: 8/8
  2228 | D:3      | Reached XP level 6. HP: 16/66 MP: 9/9
  2360 | D:4      | Found a glowing drain.
  2364 | Sewer    | Entered a sewer
  2427 | Sewer    | Reached skill level 6 in Fighting
  2595 | D:4      | Noticed a black bear
  2622 | D:4      | Killed a black bear
  2623 | D:4      | Reached skill level 5 in Maces & Flails
  2623 | D:4      | Reached XP level 7. HP: 45/76 MP: 10/10
  2836 | D:4      | Reached skill level 7 in Fighting
  2961 | D:4      | Found a staircase to the Ecumenical Temple.
  3246 | Temple   | Entered the Ecumenical Temple
  3294 | D:5      | Entered Level 5 of the Dungeon
  3325 | D:5      | Noticed Grinder
  3342 | D:5      | Killed Grinder
  3343 | D:5      | Reached skill level 8 in Fighting
  3343 | D:5      | Reached XP level 8. HP: 50/88 MP: 11/11
  3734 | D:5      | Reached skill level 9 in Fighting
  3863 | D:5      | Noticed Sigmund
  3876 | D:5      | Killed Sigmund
  3935 | D:5      | Reached skill level 10 in Fighting
  4125 | D:5      | Noticed Ijyb
  4151 | D:5      | Killed Ijyb
  4207 | D:5      | Noticed Duvessa
  4207 | D:5      | Noticed Dowan
  4414 | D:5      | Killed Duvessa
  4415 | D:5      | Reached XP level 9. HP: 43/102 MP: 12/12
  4613 | D:5      | Killed Dowan
  4955 | D:6      | Noticed Jeremiah
  5304 | D:6      | Reached skill level 11 in Fighting
  5457 | D:6      | Found a white marble altar of Elyvilon.
  5642 | D:6      | Killed Jeremiah
  5727 | D:6      | Noticed Eustachio
  5746 | D:6      | Killed Eustachio
  5827 | D:6      | Reached skill level 12 in Fighting
  5891 | D:6      | Reached XP level 10. HP: 33/118 MP: 13/13
  6169 | D:7      | Found a blossoming altar of Fedhas.
  6340 | D:6      | Reached skill level 10 in Maces & Flails
  6466 | D:7      | Reached skill level 1 in Shields
  6524 | D:7      | Reached skill level 13 in Fighting
  6700 | D:7      | Found a flagged portal.
  6705 | Bailey   | Entered a bailey
  6892 | Bailey   | Noticed a two-headed ogre
  6912 | Bailey   | Killed a two-headed ogre
  7147 | Bailey   | Reached skill level 14 in Fighting
  7520 | D:7      | Reached XP level 11. HP: 130/130 MP: 14/14
  7807 | D:8      | Noticed Psyche
  7819 | D:8      | Killed Psyche
  7820 | D:8      | Noticed a two-headed ogre
  7933 | D:7      | Reached skill level 5 in Shields
  8194 | D:8      | Found a bloodstained altar of Trog.
  8462 | D:8      | Found a hide-covered altar of Uskayaw.
  8462 | D:8      | Found a hazy altar of Hepliaklqana.
  8464 | D:8      | Found a shadowy altar of Dithmenos.
  8951 | D:8      | Found a staircase to the Lair.
  8966 | D:8      | Reached skill level 15 in Fighting
  9186 | D:8      | Noticed Gastronok
  9204 | D:8      | Killed Gastronok
  9317 | D:8      | You fall into a shaft and drop 2 floors!
  9317 | D:10     | Entered Level 10 of the Dungeon
  9323 | D:10     | Noticed Nergalle
  9446 | D:8      | Killed a two-headed ogre
  9676 | D:9      | Found a glowing silver altar of Zin.
  9689 | D:9      | Noticed Grum
  9758 | D:9      | Killed Grum
 10002 | D:9      | Identified the +6 falchion of Cowardice {pain, rF- rC++
                  | rCorr Str+3}
 10526 | D:10     | Killed Nergalle
 10527 | D:10     | Reached XP level 12. HP: 141/144 MP: 15/15
 10546 | D:10     | Noticed Urug
 10550 | D:10     | Urug changed into Urug the jumping spider
 10550 | D:10     | Noticed Urug
 10556 | D:10     | Killed Urug the jumping spider
 10665 | D:10     | Noticed an ogre mage
 10786 | D:10     | Noticed Erolcha
 10815 | D:10     | Killed Erolcha
 10816 | D:10     | Reached skill level 16 in Fighting
 10936 | D:10     | Killed an ogre mage
 11050 | D:10     | Found a burning altar of Makhleb.
 11068 | D:10     | Became a worshipper of Makhleb the Destroyer
 11099 | D:10     | Noticed Maggie
 11108 | D:10     | Killed Maggie
 11343 | D:10     | Identified the +0 falchion of the Dove {speed, rPois Str+3}
 11458 | D:11     | Noticed a two-headed ogre
 11721 | Lair:1   | Entered Level 1 of the Lair of Beasts
 11866 | Lair:1   | Found a transporter.
 11867 | Lair:1   | Found the amulet of Vitality {Regen++ RegenMP++}
 12028 | Lair:1   | Found a transporter.
 12039 | Lair:1   | Reached * piety under Makhleb
 12187 | Lair:1   | Reached skill level 17 in Fighting
 12692 | Lair:2   | Noticed a boulder beetle
 12705 | Lair:2   | Killed a boulder beetle
 12857 | Lair:1   | Reached XP level 13. HP: 59/157 MP: 16/16
 13184 | Lair:2   | Found a staircase to the Snake Pit.
 14311 | Lair:3   | Reached ** piety under Makhleb
 14312 | Lair:3   | Reached skill level 18 in Fighting
 14526 | Lair:3   | Identified the +8 dagger of Charmed Honour {freeze, rN+
                  | Int+3}
 15158 | Lair:3   | Noticed Rupert
 15180 | Lair:3   | Killed Rupert
 15181 | Lair:3   | Reached skill level 10 in Shields
 15745 | Lair:4   | Learned a level 3 spell: Teleport Other
 15832 | Lair:4   | Reached *** piety under Makhleb
 16144 | Lair:4   | Reached XP level 14. HP: 160/170 MP: 17/17
 16162 | Lair:4   | Reached skill level 19 in Fighting
 16406 | Lair:5   | Entered Level 5 of the Lair of Beasts
 16515 | Lair:4   | Reached skill level 15 in Maces & Flails
 17071 | Lair:5   | Reached skill level 5 in Translocations
 17355 | Lair:5   | Found a staircase to the Slime Pits.
 17355 | Lair:5   | Found a viscous altar of Jiyva.
 17383 | Lair:5   | Reached **** piety under Makhleb
 18092 | Lair:5   | Noticed Kirke
 18157 | Lair:5   | Killed Kirke
 18675 | Lair:1   | Reached skill level 20 in Fighting
 18713 | Lair:1   | Identified the +0 hat "Seuboged" {rCorr Slay+3}
 18795 | Lair:2   | Found a staircase to the Swamp.
 18830 | Swamp:1  | Entered Level 1 of the Swamp
 18841 | Swamp:1  | Noticed an eleionoma
 18959 | Lair:2   | Killed an eleionoma
 19092 | Lair:2   | HP: 7/175 [goliath frog (18)]
 19092 | Lair:2   | HP: 1/175 [acid (6)]
 19096 | Lair:2   | Reached skill level 1 in Armour
 19256 | Swamp:1  | Noticed Roxanne
 19363 | Swamp:1  | Got the Anthology of Altered Hoarfrost
 19413 | Swamp:1  | Reached XP level 15. HP: 140/184 MP: 18/18
 19789 | Swamp:2  | Identified a scroll of acquirement
 19797 | Swamp:1  | Acquired 431 gold pieces
 20035 | Swamp:1  | Noticed Donald
 20049 | Swamp:1  | Killed Donald
 20479 | Swamp:2  | Reached ***** piety under Makhleb
 21045 | Swamp:3  | Reached skill level 21 in Fighting
 21108 | Swamp:3  | Noticed a thorn hunter
 21130 | Swamp:3  | Killed a thorn hunter
 21200 | Swamp:3  | Noticed a fenstrider witch
 21355 | Swamp:3  | Reached skill level 5 in Armour
 21420 | Swamp:3  | Killed a fenstrider witch
 21762 | Swamp:4  | Entered Level 4 of the Swamp
 21832 | Swamp:4  | Noticed a fenstrider witch
 21986 | Swamp:4  | Killed a fenstrider witch
 22051 | Swamp:4  | Paralysed by a hornet for 1 turns
 22058 | Swamp:4  | Paralysed by a hornet for 3 turns
 22130 | Swamp:4  | Identified the +1 cloak of the Stallion {Harm rF+}
 22599 | Swamp:4  | Reached XP level 16. HP: 190/198 MP: 19/19
 22870 | Swamp:3  | Reached skill level 22 in Fighting
 23028 | Swamp:4  | Got a decaying rune of Zot
 23381 | Snake:1  | Entered Level 1 of the Snake Pit
 23381 | Snake:1  | Identified the serpent talisman "Plog" {+Blink rCorr Slay+6
                  | Stlth-}
 23381 | Snake:1  | Noticed Aizul
 23445 | Lair:2   | Killed Aizul
 23663 | Lair:2   | Learned a level 4 spell: Manifold Assault
 23790 | Snake:1  | Reached ****** piety under Makhleb
 23852 | Snake:1  | You fall into a shaft and drop 1 floor!
 24827 | Snake:2  | Found a runed translucent gate.
 24827 | Snake:2  | Found a runed translucent gate.
 24827 | Snake:2  | Found a runed translucent gate.
 24829 | Snake:2  | Found an opulent altar of Gozag.
 24830 | Snake:2  | Noticed a nagaraja
 24831 | Snake:2  | Noticed Oshruh's ghost (adept GrFi)
 25091 | Snake:2  | Reached skill level 23 in Fighting
 25411 | Snake:2  | Noticed a nagaraja
 25930 | Snake:2  | Killed a nagaraja
 26191 | Snake:2  | Reached XP level 17. HP: 213/213 MP: 1/20
 27096 | Snake:3  | Reached skill level 10 in Translocations
 27977 | Snake:4  | Entered Level 4 of the Snake Pit
 28570 | Snake:4  | Found a runed translucent door.
 28570 | Snake:4  | Noticed ragingrage's ghost (adept CoWr)
 29105 | Snake:4  | Reached skill level 5 in Spellcasting
 29224 | Snake:3  | Reached XP level 18. HP: 186/216 MP: 11/26
 29432 | Snake:4  | Got a serpentine rune of Zot
 29790 | Snake:4  | Killed ragingrage's ghost
 30079 | D:11     | Reached skill level 24 in Fighting
 30286 | D:11     | Found a roughly hewn altar of Beogh.
 30286 | D:11     | Found a staircase to the Orcish Mines.
 31206 | D:12     | Found a transporter.
 31212 | D:12     | Found a bloodstained altar of Trog.
 31223 | D:12     | Found a transporter.
 31224 | D:12     | Noticed Niditoudgh's ghost (journeyman TrFi)
 32355 | D:13     | Found a portal to a secret trove of treasure.
 32428 | D:13     | Found a runed translucent door.
 32702 | D:14     | Got the Parchment of The Black Sun
 32780 | D:14     | Found a gate to the Vaults.
 33298 | D:15     | Entered Level 15 of the Dungeon
 33378 | D:15     | Acquired the +8 eveningstar of Articulation {spect, rF+
                  | rN+}
 33718 | D:15     | Found a staircase to the Depths.
 34047 | Orc:1    | Entered Level 1 of the Orcish Mines
 34468 | Orc:1    | Found a roughly hewn altar of Beogh.
 34706 | Orc:2    | Entered Level 2 of the Orcish Mines
 35481 | Orc:2    | Found a staircase to the Elven Halls.
 35779 | Orc:2    | Reached XP level 19. HP: 232/236 MP: 2/27
 35843 | Orc:2    | Found a roughly hewn altar of Beogh.
 35941 | Orc:2    | Reached skill level 25 in Fighting
 36004 | Orc:2    | Found Ehenol's Weapon Shoppe.
 36077 | Orc:2    | Found Ucoa's Distillery.
 36110 | Orc:2    | Bought a potion of heal wounds for 50 gold pieces
 36110 | Orc:2    | Bought a potion of brilliance for 40 gold pieces
 36110 | Orc:2    | Bought 2 potions of magic for 160 gold pieces
 36110 | Orc:2    | Bought a potion of brilliance for 40 gold pieces
 36110 | Orc:2    | Bought a potion of curing for 30 gold pieces
 36200 | Orc:2    | Found Ussol's Weapon Boutique.
 36224 | Orc:2    | Found a roughly hewn altar of Beogh.
 36346 | Orc:2    | Found Kyufoas's General Store.
 36666 | Elf:1    | Entered Level 1 of the Elven Halls
 37136 | Elf:1    | Found Usuataw's Magic Scroll Shop.
 37356 | Elf:1    | Learned a level 6 spell: Dispersal
 37582 | Elf:1    | Found a stormy altar of Qazlal.
 37582 | Elf:1    | Paralysed by an air elemental for 1 turns
 37586 | Elf:1    | Paralysed by an air elemental for 1 turns
 37939 | Elf:2    | Reached skill level 10 in Armour
 37950 | Elf:2    | Found a runed translucent gate.
 37952 | Elf:2    | Found a runed translucent gate.
 37952 | Elf:2    | Found a runed translucent gate.
 38132 | Elf:2    | Found Saocwew's Magic Scroll Emporium.
 38132 | Elf:2    | Found Bougeerhol's Antique Armour Shoppe.
 38156 | Elf:2    | Bought a scroll of enchant weapon for 127 gold pieces
 38156 | Elf:2    | Bought a scroll of teleportation for 51 gold pieces
 38156 | Elf:2    | Bought a scroll of blinking for 127 gold pieces
 38156 | Elf:2    | Bought a scroll of identify for 34 gold pieces
 38156 | Elf:2    | Bought a scroll of identify for 34 gold pieces
 38156 | Elf:2    | Bought a scroll of teleportation for 51 gold pieces
 38156 | Elf:2    | Bought a scroll of identify for 34 gold pieces
 38684 | Vaults:1 | Entered Level 1 of the Vaults
 38808 | Vaults:1 | Identified the +4 robe of Vehumet's Esteem {-Tele rElec rF+
                  | Str+7}
 38808 | Vaults:1 | Noticed Boris
 38820 | Vaults:1 | Killed Boris
 39035 | Vaults:1 | Reached XP level 20. HP: 250/250 MP: 18/28
 39261 | Vaults:1 | Reached skill level 26 in Fighting
 39499 | Vaults:1 | Found Wadicucole's Jewellery Emporium.
 39920 | Vaults:1 | Bought the ring of Sinoclem {Str-4 Int+6 Dex+3 Slay+5} for
                  | 1238 gold pieces
 40304 | Vaults:2 | Identified the +2 robe of Wariness {rC- Int+6 Stlth+}
 40304 | Vaults:2 | Noticed Boris
 40315 | Vaults:2 | Killed Boris
 40555 | Vaults:2 | Found a staircase to the Crypt.
 41330 | Vaults:2 | Found Juop's Book Emporium.
 41974 | Vaults:3 | Reached XP level 21. HP: 263/263 MP: 19/29
 42549 | Vaults:3 | Identified the maw talisman of Action {Dex+3}
 43678 | Vaults:4 | Noticed Sojobo
 44033 | Vaults:4 | Paralysed by an air elemental for 1 turns
 44036 | Vaults:4 | Paralysed by an air elemental for 1 turns
 44039 | Vaults:4 | Paralysed by an air elemental for 1 turns
 44771 | Depths:1 | Entered Level 1 of the Depths
 45139 | Depths:1 | Found a runed translucent door.
 45429 | Depths:1 | Found a gateway to Hell.
 45449 | Depths:1 | Identified the +7 falchion "Vasehim" {spect, Fly}
 45650 | Depths:2 | Found a one-way gate leading to the halls of Pandemonium.
 45660 | Depths:2 | Found a radiant altar of Vehumet.
 45943 | Depths:1 | Reached XP level 22. HP: 274/274 MP: 23/30
 46001 | Depths:2 | Found the +7 Spriggan's Knife {stab, EV+4 Stlth+}
 46242 | Depths:2 | Noticed a juggernaut
 46290 | Depths:2 | Killed a juggernaut
 46995 | Depths:3 | Identified the +4 robe "Aptides" {Will+ Dex-5 Archmagi}
 46995 | Depths:3 | Noticed Boris
 47006 | Depths:3 | Killed Boris
 47619 | Depths:3 | Found a one-way gateway to a ziggurat.
 47737 | Depths:3 | Noticed a golden dragon
 47758 | Depths:3 | Killed a golden dragon
 48291 | Depths:3 | Reached skill level 15 in Shields
 48330 | Depths:3 | Identified the staff of the Devouring Rat {Conj Ice}
 48435 | Depths:3 | Found a one-way gate to the infinite horrors of the Abyss.
 48546 | Depths:3 | Found a shimmering blue altar of Sif Muna.
 48733 | D:13     | You paid a toll of 15 potions of curing to enter a treasure
                  | trove
 48734 | Trove    | Entered a treasure trove
 48782 | Trove    | Identified the amulet of Propriety {Faith -Tele Int+6 SInv
                  | Stlth-}
 48786 | Trove    | Identified the amulet "Sixkaekh" {Acrobat rElec Dex+4
                  | Stlth+}
 48788 | Trove    | Identified the amulet "Vupp" {Reflect rPois Regen+ SH+5}
 48843 | D:13     | Reached skill level 15 in Translocations
 48843 | D:13     | Reached XP level 23. HP: 283/283 MP: 34/36
 48844 | D:13     | Reached XP level 24. HP: 292/292 MP: 35/36
 48978 | Depths:4 | Entered Level 4 of the Depths
 49077 | Depths:4 | Reached skill level 15 in Armour
 49171 | Depths:4 | Reached skill level 10 in Spellcasting
 49422 | Depths:4 | Identified the ring "Zehep" {Fire SInv}
 49769 | Depths:4 | Reached XP level 25. HP: 159/301 MP: 32/37
 49869 | Depths:4 | Found a gate to the Realm of Zot.
 50107 | Depths:4 | Identified the +0 robe of the Candlemaker {Str-4 Dex-2
                  | Slay+6 Stlth+}
 50107 | Depths:4 | Identified the ring of Wu Jian's Condemnation {rElec rPois
                  | rF+ Int-4 Dex+6}
 50138 | Depths:4 | Identified the +3 sling "Ykailun" {drain, rPois MP+9}
 50476 | D:12     | Killed Niditoudgh's ghost
 50486 | D:12     | Identified the ring of the Briny Deep {Will+ AC+4}
 51366 | Vaults:4 | Killed Sojobo
 51413 | Vaults:5 | Entered Level 5 of the Vaults
 51760 | Vaults:5 | Got the Codex of Marshalled Location
 51842 | Vaults:5 | Noticed an ancient lich
 51851 | Vaults:5 | Killed an ancient lich
 52227 | Vaults:5 | Found the +4 consecrated labrys {holy, Valiant ^Fragile Fly
                  | SInv}
 52298 | Vaults:5 | Identified the +8 arbalest of Piad Eku {heavy, rC+ Int+3
                  | Dex-4}
 52514 | Vaults:5 | Reached XP level 26. HP: 237/312 MP: 6/37
 52689 | Vaults:5 | Identified the staff of the Orcish Mines {Fly rC- Will-
                  | Conj Summ}
 52849 | Vaults:5 | Got a silver rune of Zot
 52852 | Vaults:5 | Noticed an ancient lich
 52860 | Vaults:5 | Killed an ancient lich
 52903 | Vaults:5 | Got Fealiu's Almanac of Trauma
 53013 | Vaults:5 | Identified the maw talisman of the Miller {rElec rN+ Dex+3}
 53261 | Vaults:5 | Identified the staff "Taet" {rPois Int-5 Dex+4 Alchemy}
 53794 | D:1      | Bought a potion of invisibility for 192 gold pieces
 53794 | D:1      | Bought a glowing shortbow for 144 gold pieces
 53794 | D:1      | Bought a scroll of teleportation for 72 gold pieces
 54117 | Snake:2  | Killed Oshruh's ghost
 54565 | Zot:1    | Entered Level 1 of the Realm of Zot
 54952 | Zot:1    | Noticed Parghit
 54981 | Zot:1    | Killed Parghit
 55756 | Zot:3    | Found the +4 dragonskin cloak
 55756 | Zot:3    | Noticed Tiamat
 56109 | Zot:3    | Noticed an orb of fire
 56122 | Zot:2    | Gained mutation: You are weak. (Str -2) [an orb of fire]
 56123 | Zot:2    | Killed an orb of fire
 57306 | Zot:4    | Reached XP level 27. HP: 280/321 MP: 5/37
 57490 | Zot:5    | Entered Level 5 of the Realm of Zot
 57977 | Zot:5    | Noticed a dread lich
 57985 | Zot:5    | Killed a dread lich
 57987 | Zot:5    | Noticed an orb of fire
 57997 | Zot:5    | Gained mutation: You are partially covered in iridescent
                  | scales. (AC +2) [an orb of fire]
 57998 | Zot:5    | Killed an orb of fire
 58001 | Zot:5    | Noticed an ancient lich
 58005 | Zot:5    | Killed an ancient lich
 58028 | Zot:5    | Noticed an orb of fire
 58034 | Zot:5    | Noticed an orb of fire
 58040 | Zot:5    | Gained mutation: Your magical capacity is low. (-10% MP)
                  | [an orb of fire]
 58041 | Zot:5    | Killed an orb of fire
 58041 | Zot:5    | Killed an orb of fire
 58177 | Zot:4    | Lost mutation: You are weak. (Str -2) [potion of mutation]
 58177 | Zot:4    | Lost mutation: Your magical capacity is low. (-10% MP)
                  | [potion of mutation]
 58177 | Zot:4    | Lost mutation: You are partially covered in iridescent
                  | scales. (AC +2) [potion of mutation]
 58177 | Zot:4    | Gained mutation: You are weak. (Str -2) [potion of
                  | mutation]
 58177 | Zot:4    | Gained mutation: You are partially covered in iridescent
                  | scales. (AC +2) [potion of mutation]
 58202 | Zot:5    | Noticed an ancient lich
 58591 | Zot:5    | Killed an ancient lich
 58992 | Zot:5    | Got the Orb of Zot
 59181 | Depths:3 | Noticed Ceshex the pandemonium lord
 59323 | D:11     | Noticed Jigiolat the pandemonium lord
 59542 | D:$      | Escaped with the Orb!

Illustrated notes

Levels and vault maps discovered:
D:1:      psy_arrival_dodecagon, layout_loops_cross, serial_shops, shop,
          nicolae_shop_temple_entry_statues_fountains, nicolae_lakefront_shop,
          nicolae_shop_overgrown_old_shop
D:2:      layout_basic
D:3:      layout_rooms, kennysheep_generic_room_9
D:4:      minmay_chambers_of_fours, layout_gridville,
          minmay_temple_entry_drinking_statues, gup_sewer_entry_bowl
D:5:      dreamdust_elfheim, layout_basic, serial_bayou, serial_bayou_pond_e,
          serial_bayou_lagoon_a, serial_bayou_crossing, serial_bayou_shore_b,
          uniq_sigmund, uniq_ijyb, uniq_grinder
D:6:      layout_basic, elyvilon_altar_3, uniq_jeremiah, uniq_eustachio
D:7:      layout_rooms, fedhas_altar_1, enter_bailey_3, serial_glass,
          glass_columns_b, glass_columns_b, minivault_22
D:8:      layout_basic, mainiacjoe_overflow_cross_hatched,
          gammafunk_temple_overflow_forgotten, erik_lair_dragon, st_stairs_8,
          grunt_ministairs_4, uniq_gastronok, uniq_psyche
D:9:      layout_roguey, overflow_temple_1_default, minmay_orc_keep, uniq_grum
D:10:     layout_roguey, mainiacjoe_overflow_24_doors, lightli_fourway_metalbox,
          uniq_erolcha, uniq_nergalle, uniq_maggie, uniq_urug
D:11:     layout_loops_cross, david_orc_5
D:12:     layout_loops_cross, gammafunk_ghost_wrathful_warriors
D:13:     dreamdust_dug_too_deep, layout_irregular_city, enter_trove_0,
          minivault_11
D:14:     dreamdust_black_sun_cult, layout_rooms,
          lightli_vaults_fourway_checkpoint
D:15:     grunt_enter_depths_hoard, layout_irregular_city, fountainhead
Temple:   nicolae_temple_two_arcs
Lair:1:   gammafunk_cloud_chamber, layout_chaotic_city,
          pdpol_lair_neglected_garden
Lair:2:   layout_loops_ring, nicolae_swamp_entry_splash_gauntlet,
          guppyfry_snake_entry_island, hibernation_bobbens
Lair:3:   beast_lair_carwin_large_2, layout_small_grid, uniq_rupert
Lair:4:   layout_long_grid, grunt_megastairs_5, infiniplex_staircase_pool
Lair:5:   minmay_lair_end_frog_pond, layout_cave_pods,
          nicolae_slime_entry_field_trip, lemuel_fruit_tree, uniq_kirke
Swamp:1:  layout_basic_swamp, nicolae_swamp_treefoil, swamp_pool_3,
          nicolae_swamp_feature_on_the_river_bank, uniq_roxanne, uniq_donald
Swamp:2:  layout_falls_marsh, nicolae_swamp_bean_lake,
          infiniplex_staircase_pool_2, nicolae_swamp_tree_isthmus
Swamp:3:  layout_basic_swamp, evilmike_swamp_ruin_rubble_2
Swamp:4:  swamp, layout_basic_swamp, grunt_hermit_hut
Snake:1:  layout_rooms, portal_ice_cave_entry_horrid_things, uniq_aizul
Snake:2:  hangedman_cross_veins, layout_grid_shapes, ebering_ghost_gozag,
          hangedman_snake_thin_pillar_pass
Snake:3:  layout_honeycomb, nicolae_snake_guarding_the_ruins
Snake:4:  snake_pit, layout_cave_town, gammafunk_ghost_grave,
          nicolae_snake_boneroom
Orc:1:    layout_diamond_mine, regret_index_minedec_guest_junction,
          bh_open_orc_temple
Orc:2:    pubby_orc_utopia
Elf:1:    minmay_elf_arrival_summoners, layout_loops_cross, serial_shops,
          nicolae_shop_real_fake_doors, nicolae_elf_altarnating
Elf:2:    elven_hall_of_blades_hangedman_original [nicolae_blade_tridents],
          layout_rooms, minmay_shoptagon
Vaults:1: v_misc_29, nicolae_vaults_what_the_h,
          nicolae_vaults_storage_room_glass, nicolae_vaults_security_offices_4,
          nicolae_vaults_stairing_the_circle, nicolae_vaults_closet_pinwheel_2,
          grunt_vaults_hallway_long, vaults_room_fours,
          nicolae_vaults_tangram_2, hangedman_vaults_variations,
          grunt_vaults_hallway_short, layout_vaults_maze_snakey, serial_shops,
          shop, uniq_boris
Vaults:2: ontoclasm_vaults_idyll, nicolae_vaults_statue_guard,
          nicolae_vaults_doubleplus_tesselated, vaults_mumra_minichess,
          minmay_crypt_entry_vampire_xt, nicolae_vaults_closet_pinwheel_1,
          hangedman_vaults_nodes, nicolae_vaults_cochlea,
          dpeg_vaults_monster_box, layout_vaults_omnigrid, serial_shops,
          shop_fountains
Vaults:3: v_misc_22, nicolae_vaults_trapezoid_2, ontoclasm_vaults_water_temple,
          ontoclasm_vaults_decontamination, nicolae_vaults_closet_pinwheel_2,
          vaults_room_large_hall, vaults_standard_mumra_lines,
          nicolae_vaults_ellipses_ellipsis, nicolae_vaults_prndl,
          vaults_mumra_hexcomb, ontoclasm_vaults_fault,
          nicolae_vaults_turnstiles, nicolae_vaults_house_3,
          nicolae_vaults_closet_pinwheel_4, layout_vaults_omnicross,
          uniq_margery
Vaults:4: nicolae_vaults_shrinking_rooms_1, nicolae_vaults_enemy_cabinets,
          vaults_mumra_minichess_inversion, nicolae_vaults_diamond_1,
          vaults_dpeg_spiral, ontoclasm_vaults_hangar,
          nicolae_vaults_double_plus_1, layout_vaults_chaotic_city, uniq_sojobo
Vaults:5
Depths:1: layout_gridville, lightli_too_deep, kennysheep_treasure_room
Depths:2: minmay_strange_plus, layout_long_grid, nicolae_vehumet_altar_sigil,
          hellmouth_1, pan_entry, grunt_ministairs_3
Depths:3: evilmike_lava_path, layout_basic, enter_ziggurat_f,
          pf_vacation_house_of_asmodeus, nicolae_abyss_entry_one_way_or_another,
          led_sif_pool
Depths:4: grunt_x_marks_the_spot, layout_basic, hell_entry,
          dreamdust_wishing_well, minmay_serpent_palace
Zot:1:    layout_basic, uniq_parghit
Zot:2:    layout_gridville
Zot:3:    nicolae_zot_draconian_monastery, layout_twisted_circle, uniq_tiamat
Zot:4:    layout_gridlike
Zot:5:    layout_gridlike, st_stairs_1

Skill      XL: |  1  2  3  4  5  6  7  8  9 10 11 12 13 14 15 16 17 18 19 20 21 22 23 24 25 26 27 |
---------------+----------------------------------------------------------------------------------+-----
Fighting       | 3 5 6 8 10 12 14 15 17 18 20 21 23 24 25 26 | 26.9
Maces & Flails | 4 5 6 8 9 11 12 13 14 16 17 18 19 20 | 20.4
Dodging        | 3 |  3.0
Shields        | 4 6 8 10 11 12 13 15 17 18 20 | 20.0
Translocations | 3 6 9 12 13 14 15 17 | 17.9
Armour         | 2 6 7 9 10 12 13 14 15 17 18 20 | 20.0
Spellcasting   | 5 9 10 | 10.5
Throwing       | |  1.0

Action                     |  1- 3 |  4- 6 |  7- 9 | 10-12 | 13-15 | 16-18 | 19-21 | 22-24 | 25-27 || total
---------------------------+-------+-------+-------+-------+-------+-------+-------+-------+-------++-------
  Melee: Mace              |   112 |    65 |       |       |       |       |       |       |       ||   177
         Headbutt          |    15 |    16 |    55 |   121 |   321 |   225 |    56 |    29 |   119 ||   957
         Flail             |       |    42 |   297 |    14 |       |       |       |       |       ||   353
         Morningstar       |       |       |       |   672 |  1448 |  1318 |       |       |       ||  3438
         Unarmed           |       |       |       |    23 |     8 |       |       |       |       ||    31
         Eveningstar       |       |       |       |       |       |   340 |  1418 |   564 |  1605 ||  3927
         Giant spiked club |       |       |       |       |       |   333 |       |       |       ||   333
  Throw: Dart              |     7 |    11 |    55 |    73 |    43 |       |       |       |       ||   189
         Throwing net      |       |       |     1 |     2 |     2 |       |       |       |       ||     5
   Cast: Lesser Beckoning  |       |       |     8 |     8 |    35 |    45 |       |       |       ||    96
         Blink             |       |       |     1 |       |     2 |     1 |       |       |     1 ||     5
         Teleport Other    |       |       |       |       |     4 |       |       |       |       ||     4
         Manifold Assault  |       |       |       |       |       |   699 |   689 |   303 |   646 ||  2337
         Dispersal         |       |       |       |       |       |       |       |       |     2 ||     2
  Evoke: Wand              |       |       |       |     6 |    13 |     2 |     2 |       |     1 ||    24
         Lightning rod     |       |       |       |       |       |       |     3 |       |       ||     3
    Use: Potion            |       |     1 |       |       |     5 |     7 |     2 |     2 |    19 ||    36
         Scroll            |       |     1 |     5 |    10 |    14 |    18 |     6 |       |    14 ||    68
   Stab: Held in net/web   |       |       |     1 |       |     1 |       |       |       |       ||     2
         Confused          |       |       |       |     3 |       |       |       |       |       ||     3
         Distracted        |       |       |       |       |       |       |     3 |     2 |     4 ||     9
 Armour: Robe              |    93 |    91 |   263 |   251 |       |       |       |       |       ||   698
         Skin              |       |     9 |       |    12 |    18 |       |       |       |       ||    39
         Steam dragon scal |       |       |       |   112 |       |       |       |       |       ||   112
         Troll leather arm |       |       |       |    10 |       |       |       |       |       ||    10
         Acid dragon scale |       |       |       |   152 |   634 |       |       |       |       ||   786
         Swamp dragon scal |       |       |       |       |   615 |  1282 |   295 |   123 |     3 ||  2318
         Gold dragon scale |       |       |       |       |       |       |       |       |   675 ||   675
  Dodge: Dodged            |    77 |    42 |   138 |   235 |   367 |   298 |    59 |    14 |    50 ||  1280
  Block: Kite shield       |       |     2 |       |   229 |   317 |       |       |       |       ||   548
         Tower shield      |       |       |       |       |   539 |   929 |   217 |    66 |   434 ||  2185

Table legend: (Time is in decaauts)
 A = Elapsed time spent in this place.
 B = Non-inter-level travel time spent in this place.
 C = Inter-level travel time spent in this place.
 D = Time resting spent in this place.
 E = Time spent auto-exploring this place.
 F = Levels seen in this place.
 G = Mean time per level.
                   A        B        C        D        E       F      G
               +--------+--------+--------+--------+--------+-----+--------+
         Total |  59049 |  53535 |   5514 |   9316 |  21988 |  50 | 1181.0 |
       Dungeon |  16608 |  14084 |   2524 |   1523 |   7704 |  15 | 1107.2 |
        Temple |     29 |     22 |      7 |      0 |      0 |   1 |   29.0 |
          Lair |   7706 |   7236 |    470 |   1183 |   3066 |   5 | 1541.2 |
         Swamp |   4161 |   3908 |    253 |    599 |    985 |   4 | 1040.2 |
     Snake Pit |   6346 |   5958 |    388 |   1532 |   1367 |   4 | 1586.5 |
  Orcish Mines |   2670 |   2513 |    157 |    114 |   1885 |   2 | 1335.0 |
   Elven Halls |   1801 |   1683 |    118 |    208 |   1077 |   2 |  900.5 |
        Vaults |   8246 |   7662 |    584 |   1237 |   3634 |   5 | 1649.2 |
        Depths |   5992 |   5332 |    660 |   1126 |   2261 |   4 | 1498.0 |
           Zot |   4488 |   4138 |    350 |   1394 |      0 |   5 |  897.6 |
         Trove |    104 |    104 |      0 |      0 |      9 |   1 |  104.0 |
         Sewer |    155 |    155 |      0 |     24 |      0 |   1 |  155.0 |
        Bailey |    736 |    736 |      0 |    372 |      0 |   1 |  736.0 |
               +--------+--------+--------+--------+--------+-----+--------+

Top non-repeatable levels by time:
 Snake:2: 2232 daAuts
     D:8: 2133 daAuts
Vaults:2: 2044 daAuts
   Orc:2: 2019 daAuts
  Lair:2: 2013 daAuts
Vaults:5: 1955 daAuts
Depths:4: 1801 daAuts
Vaults:4: 1674 daAuts
 Snake:4: 1652 daAuts
     D:5: 1614 daAuts
  Lair:5: 1612 daAuts
Depths:3: 1600 daAuts
  Lair:4: 1480 daAuts
Depths:2: 1469 daAuts
 Snake:3: 1423 daAuts
